 Dungeon Crawl Stone Soup version 0.30-a0-691-g754fce4c43 (webtiles) character file.

Game seed: 16227341214216165761

9905 Strat the Carver (level 11, -19/97 HPs)
             Began as a Purple Draconian Reaver on Jan 19, 2023.
             Was a Priest of Wu Jian.
             Killed from afar by a deep elf pyromancer (28 damage)
             ... with a bolt of fire
             ... on level 11 of the Dungeon.
             The game lasted 00:32:24 (16521 turns).

Strat the Carver (Purple Draconian Reaver)         Turns: 16521, Time: 00:32:25

Health: -19/97     AC:  8    Str: 15    XL:     11   Next: 29%
Magic:  0/14       EV: 14    Int: 14    God:    Wu Jian [***...]
Gold:   551        SH:  5    Dex: 13    Spells: 8/14 levels left

rFire   . . .      SeeInvis .    a - +0 scimitar
rCold   . . .      Faith    .    g - +0 buckler
rNeg    . . .      Spirit   +    (body armour unavailable)
rPois   .          Reflect  .    (helmet restricted)
rElec   .          Harm     .    i - +0 cloak
rCorr   +          Rampage  .    (no gloves)
Will    +....                    (no boots)
Stlth   +                        D - amulet of guardian spirit
HPRegen 0.36/turn                d - ring of resist corrosion
MPRegen 0.14/turn                m - ring of flight

@: flying
A: breathe power, AC +7, unfitting armour, cold-blooded
a: Breathe Dispelling Energy, Renounce Religion, Wall Jump, Serpent's Lash


You were on level 11 of the Dungeon.
You worshipped Wu Jian.
Wu Jian was most pleased with you.
You visited 2 branches of the dungeon, and saw 12 of its levels.
You also visited: Bailey.

You collected 579 gold pieces.
You spent 28 gold pieces at shops.

Inventory:

Hand Weapons
 a - a +0 scimitar (weapon)
 s - a +1 falchion
Missiles
 k - 2 atropa-tipped darts
 o - 22 poisoned darts
Armour
 g - a +0 buckler (worn)
 i - a +0 cloak (worn)
 q - a +0 kite shield
Jewellery
 d - a ring of resist corrosion (left hand)
 m - a ring of flight (right hand)
 D - an amulet of guardian spirit (around neck)
Wands
 y - a wand of digging (4)
 z - a wand of flame (29)
 A - a wand of iceblast (5)
Scrolls
 f - 2 scrolls of enchant armour
 j - 2 scrolls of amnesia
 l - 2 scrolls of enchant weapon
 n - a scroll of vulnerability {unknown}
 t - 2 scrolls of magic mapping
 v - 2 scrolls of teleportation
 C - a scroll of blinking
Potions
 b - 2 potions of attraction
 c - 2 potions of lignification
 e - a potion of ambrosia
 h - a potion of cancellation
 p - a potion of invisibility
 r - 2 potions of magic
 u - a potion of flight {unknown}
 x - 2 potions of might {unknown}
 B - a potion of haste {unknown}
 E - 2 potions of mutation {unknown}


   Skills:
 - Level 9.2 Fighting
 + Level 12.1 Long Blades
 + Level 7.6 Dodging
 - Level 4.0 Shields
 - Level 2.4 Spellcasting
 - Level 5.0 Conjurations
 - Level 1.0 Translocations
 + Level 3.6 Ice Magic


You had 8 spell levels left.
You knew the following spells:

 Your Spells              Type           Power      Damage    Failure   Level
a - Kiss of Death         Conj/Necr      32%        2d7       11%         1
b - Momentum Strike       Conj/Tloc      20%        3d8       13%         2
c - Frozen Ramparts       Ice            22%        1d4       19%         3

Your spell library contained the following spells:

 Spells                   Type           Power      Damage    Failure   Level
 Freeze                   Ice            44%        1d6       6%          1
 Hailstorm                Conj/Ice       13%        3d5       14%         3
 Scorch                   Fire           2%         2d5       41%         2
 Sublimation of Blood     Necr           1%         N/A       41%         2
 Kindle Blastsparks       Fire/Tloc/Air  4%         2d10      58%         3
 Ignite Poison            Fire/Tmut/Pois 1%         N/A       65%         3
 Flame Wave               Conj/Fire      8%         2d5       71%         4
 Freezing Cloud           Conj/Ice/Air   4%         6-21      94%         5
 Petrify                  Tmut/Erth      1%         N/A       96%         4
 Irradiate                Conj/Tmut      4%         3d13      96%         5
 Summon Cactus Giant      Summ           0%         N/A       100%        6


Dungeon Overview and Level Annotations

Branches:
Dungeon (11/15)            Temple (1/1) D:5          Bailey (visited)
   Lair: D:8-11         Orc: D:9-12

Altars:
Ashenzari
Cheibriados
Dithmenos
Elyvilon
Fedhas
Gozag
Hepliaklqana
Kikubaaqudgha
Makhleb
Nemelex Xobeh
Okawaru
Qazlal
Ru
Sif Muna
Trog
Uskayaw
Vehumet
Wu Jian
Xom
Yredelemnul
Zin
The Shining One

Shops:
D:3 =   D:5 *?**   D:7 =:


Innate Abilities, Weirdness & Mutations

You can breathe bolts of dispelling energy.
Your rich purple scales are hard. (AC +7)
You cannot fit into any form of body armour.
You are cold-blooded and may be slowed by cold attacks.


Message History

The fire elemental is heavily damaged.
The fire elemental closely misses you.
You barely miss the fire elemental.
The fire elemental is heavily damaged.
The fire elemental barely misses you.
You completely miss the fire elemental.
The fire elemental is heavily damaged.
The fire elemental hits you. The fire elemental burns you!
* * * LOW HITPOINT WARNING * * *
You hit the fire elemental but do no damage.
The fire elemental is heavily damaged.
You block the fire elemental's attack.
You barely miss the fire elemental.
The fire elemental is heavily damaged.
You block the fire elemental's attack.
You barely miss the fire elemental.
The fire elemental is heavily damaged.
The fire elemental misses you.
You slash the fire elemental!
The fire elemental is severely damaged.
The fire elemental hits you. The fire elemental burns you!
* * * LOW HITPOINT WARNING * * *
The fire elemental hits you. The fire elemental burns you!
* * * LOW HITPOINT WARNING * * *
Okay, then.
You can't do that yet.
The deep elf pyromancer mumbles some strange words.
The deep elf pyromancer blinks!
You have got your breath back.
The deep elf pyromancer points at you and mumbles some strange words.
The bolt of fire misses the fire elemental.
The bolt of fire hits you!!
* * * LOW HITPOINT WARNING * * *
You hear a shout!
You feel better. The fire elemental hits you. The fire elemental burns you!
* * * LOW HITPOINT WARNING * * *
The deep elf pyromancer points at you and mumbles some strange words.
The bolt of fire hits the fire elemental.
The fire elemental completely resists.
The bolt of fire hits you!!
You die...

...........##..##.####.cO# ...#.
####........#........###.###'###.
#........####....#..#.........
#.......#.# ##..#.##.##.###.#.
#..####....?y..#.#..#...## #..#
..###.##.#.#####..# #..# .....
.#..#....#.# ...#
...##.###...##.##..#.## ....#
.......@Ee#####........ .."..
#c###'###°#.#.#.####### ..
#☼##..#°#.....# #.
#.#...#E#○###.# # #[.#.#☼.'.#u'.#
#.#○.##E#.###.# #..#°##c#..e.P#
###.##○#).#######
........°☼.......


You could see a deep elf pyromancer, a fire elemental (summoned) and a centaur.

Vanquished Creatures
  A centaur warrior (D:11)
  A two-headed ogre (D:11)
  Nergalle (D:10)
  2 trolls
  A shadow (D:11)
  10 yaks
  2 wyverns
  3 steam dragons
  6 water moccasins
  4 acid dragons (D:10)
  2 ice beasts
  3 orc warriors
  2 ogres
  4 sky beasts
  6 black bears
  3 centaurs
  3 kobold brigands
  2 necrophages
  3 gnoll sergeants
  A bullfrog (D:8)
  4 scorpions
  3 wights (D:9)
  8 killer bees
  4 howler monkeys
  4 hounds
  2 jellies
  7 orc priests
  4 iguanas
  10 orc wizards
  13 adders
  13 gnolls
  A river rat (D:3)
  A shadow imp (D:6)
  2 white imps
  An ufetubus (D:5)
  6 worms
  A dart slug (D:2)
  38 orcs
  3 bats (D:1)
  6 endoplasms
  6 giant cockroaches
  9 goblins
  13 hobgoblins
  4 jackals (D:1)
  22 kobolds
  7 quokkas
  8 ball pythons
  3 frilled lizards
  5 rats
268 creatures vanquished.

Vanquished Creatures (others)
  44 fungi (D:11)
  77 plants
121 creatures vanquished.

Grand Total: 389 creatures vanquished

Notes
Turn   | Place    | Note
-------+----------+-------------------------------------------
     0 | D:1      | Strat the Draconian Reaver began the quest for the Orb.
     0 | D:1      | Reached XP level 1. HP: 17/17 MP: 3/3
   106 | D:1      | Reached XP level 2. HP: 21/24 MP: 5/5
   295 | D:1      | Reached skill level 4 in Long Blades
   376 | D:1      | Reached XP level 3. HP: 29/29 MP: 6/6
   379 | D:1      | Learned a level 2 spell: Momentum Strike
  1193 | D:2      | Reached XP level 4. HP: 36/36 MP: 7/7
  1211 | D:2      | Reached skill level 5 in Long Blades
  1826 | D:3      | Found Haggeumn's Jewellery Shoppe.
  2333 | D:3      | Reached XP level 5. HP: 43/45 MP: 8/8
  2565 | D:3      | Reached skill level 6 in Long Blades
  2723 | D:3      | Reached XP level 6. HP: 31/51 MP: 9/9
  3018 | D:4      | Reached skill level 1 in Shields
  3089 | D:4      | Reached skill level 7 in Long Blades
  3535 | D:4      | Reached skill level 1 in Translocations
  3535 | D:4      | Your scales start taking on a rich purple colour.
  3535 | D:4      | Reached XP level 7. HP: 35/54 MP: 7/10
  3674 | D:4      | Found a stormy altar of Qazlal.
  3772 | D:5      | Entered Level 5 of the Dungeon
  3772 | D:5      | Found Bitsiz's General Store.
  4175 | D:5      | Found a bloodstained altar of Trog.
  4730 | D:5      | Found a staircase to the Ecumenical Temple.
  4909 | Temple   | Entered the Ecumenical Temple
  5234 | Temple   | Became a worshipper of the Wu Jian Council
  5264 | D:5      | Found Wiapuyz's General Store.
  5521 | D:5      | Found Ziybekas's Magic Scroll Shop.
  5530 | D:5      | Bought a scroll of identify for 28 gold pieces
  5543 | D:5      | Found a glowing golden altar of the Shining One.
  5570 | D:5      | Reached XP level 8. HP: 36/62 MP: 9/11
  5716 | D:5      | Found Zixean's Assorted Antiques.
  5958 | D:5      | Found an ancient bone altar of Kikubaaqudgha.
  6541 | D:6      | Found a shimmering blue altar of Sif Muna.
  6624 | D:6      | Found a white marble altar of Elyvilon.
  6644 | D:6      | Reached skill level 5 in Conjurations
  6883 | D:6      | Reached skill level 5 in Fighting
  7046 | D:6      | Found an opulent altar of Gozag.
  7514 | D:7      | Found Dyir's Book Shop.
  7559 | D:7      | Reached skill level 8 in Long Blades
  7661 | D:7      | Found a flagged portal.
  7669 | Bailey   | Entered a bailey
  7941 | D:7      | Found a broken altar of Ashenzari.
  7998 | D:7      | Reached skill level 9 in Long Blades
  8013 | D:7      | Reached * piety under Wu Jian
  8700 | D:7      | Reached XP level 9. HP: 65/74 MP: 12/12
  9709 | D:7      | Reached skill level 10 in Long Blades
  9886 | D:7      | Found a radiant altar of Vehumet.
  9921 | D:7      | Found Lid Cupp's Jewellery Shop.
 10034 | D:7      | Found a faded altar of an unknown god.
 10035 | D:7      | Found a hazy altar of Hepliaklqana.
 10142 | D:8      | Noticed a troll
 10948 | D:7      | Killed a troll
 10949 | D:7      | Reached skill level 5 in Dodging
 10949 | D:7      | Reached XP level 10. HP: 88/88 MP: 10/13
 11565 | D:7      | Reached ** piety under Wu Jian
 12917 | D:9      | Found a shadowy altar of Dithmenos.
 13412 | D:9      | Reached skill level 11 in Long Blades
 13862 | D:10     | Entered Level 10 of the Dungeon
 15156 | D:11     | Learned a level 3 spell: Frozen Ramparts
 15411 | D:11     | Reached skill level 1 in Ice Magic
 15642 | D:11     | Noticed a two-headed ogre
 15930 | D:11     | Noticed a boulder beetle
 15956 | D:11     | Reached XP level 11. HP: 91/97 MP: 12/14
 16150 | D:11     | Noticed Nergalle
 16172 | D:10     | Killed Nergalle
 16418 | D:11     | Noticed a centaur warrior
 16491 | D:11     | Noticed a green ugly thing
 16491 | D:11     | Noticed a deep elf pyromancer
 16502 | D:11     | Killed a two-headed ogre
 16502 | D:11     | Reached *** piety under Wu Jian
 16503 | D:11     | Reached skill level 12 in Long Blades
 16504 | D:11     | Killed a centaur warrior
 16521 | D:11     | Killed from afar by a deep elf pyromancer

Illustrated notes

Levels and vault maps discovered:
D:1:      dpeg_arrival_simpleton_a, layout_rooms, kennysheep_decorative_pillar,
          st_stairs_6, minmay_strange_pillars, reono_crystal_passage
D:2:      layout_basic, kennysheep_generic_room_15
D:3:      layout_rooms, serial_shops,
          nicolae_shop_temple_entry_statues_fountains, portal_sewer_entry_b,
          cheibrodos_gnoll_hut
D:4:      layout_cave_pools, general_overflow_altar
D:5:      layout_basic, mainiacjoe_overflow_chevrons, nicolae_overflow_squiral,
          minmay_temple_entry_stoned_glass, serial_shops, nicolae_stop_n_shop_1,
          kennysheep_little_box, shop, nicolae_lakefront_shop
D:6:      layout_basic, lemuel_coloured_pillars_altar, elyvilon_altar_5, tgw_sif
D:7:      layout_rooms, mainiacjoe_overflow_tiny_flanked,
          nicolae_vehumet_radiance, beargit_hepliaklqana_dungeon_heroes,
          serial_shops, nicolae_shop_temple_entry_statues_fountains, shop,
          enter_bailey_2, amcnicky_mini_rare_corridor_liquid,
          hangedman_misty_isle
D:8:      layout_layer_cave, minmay_misc_feat_x
D:9:      layout_irregular_city, mainiacjoe_overflow_alcove_1
D:10:     layout_roguey
D:11:     layout_irregular_city, due_lair_maze_entry_diamond, orc_0_dummy,
          minmay_shattered_shrine, uniq_nergalle
Temple:   minmay_temple_curvy_loop

Skill      XL: |  1  2  3  4  5  6  7  8  9 10 11 |
---------------+----------------------------------+-----
Long Blades    | 4 5 6 7 9 10 11 12 | 12.1
Fighting       | 3 5 7 9 |  9.2
Shields        | 3 4 |  4.0
Translocations | 1 |  1.0
Conjurations   | 4 5 |  5.0
Dodging        | 2 5 7 |  7.6
Ice Magic      | 2 3 |  3.6
Spellcasting   | |  2.4

Action                   |  1- 3 |  4- 6 |  7- 9 | 10-12 || total
-------------------------+-------+-------+-------+-------++-------
Melee: Falchion          |   135 |   221 |   122 |       ||   478
       Tailslap          |    10 |    38 |    74 |    74 ||   196
       Punch             |     3 |     5 |       |       ||     8
       Scimitar          |       |       |   387 |   432 ||   819
 Cast: Momentum Strike   |     1 |     8 |     9 |     5 ||    23
       Kiss of Death     |       |     3 |     4 |     2 ||     9
       Frozen Ramparts   |       |       |       |     1 ||     1
Invok: Lunge             |       |       |    16 |    16 ||    32
       Whirlwind         |       |       |     2 |    12 ||    14
 Abil: Breathe Dispellin |       |       |     5 |     3 ||     8
Evoke: Wand              |       |       |     9 |     7 ||    16
  Use: Scroll            |       |    11 |     7 |     9 ||    27
       Potion            |       |       |     3 |     2 ||     5
 Stab: Sleeping          |     1 |       |     1 |       ||     2
       Paralysed         |       |       |     9 |       ||     9
       Distracted        |       |       |       |     3 ||     3
Armor: Skin              |    42 |    81 |   156 |   100 ||   379
Dodge: Dodged            |    80 |   144 |   277 |   200 ||   701
Block: Buckler           |       |       |   109 |    78 ||   187

Table legend: (Time is in decaauts)
 A = Elapsed time spent in this place.
 B = Non-inter-level travel time spent in this place.
 C = Inter-level travel time spent in this place.
 D = Time resting spent in this place.
 E = Time spent auto-exploring this place.
 F = Levels seen in this place.
 G = Mean time per level.
                   A        B        C        D        E       F      G
               +--------+--------+--------+--------+--------+-----+--------+
         Total |  16499 |  15717 |    782 |   4844 |   6999 |  13 | 1269.2 |
       Dungeon |  16121 |  15399 |    722 |   4842 |   6804 |  11 | 1465.5 |
        Temple |    348 |    288 |     60 |      0 |    195 |   1 |  348.0 |
        Bailey |     29 |     29 |      0 |      2 |      0 |   1 |   29.0 |
               +--------+--------+--------+--------+--------+-----+--------+

Top non-repeatable levels by time:
     D:6: 2408 daAuts
     D:7: 2062 daAuts
     D:5: 1787 daAuts
    D:10: 1744 daAuts
     D:8: 1614 daAuts
     D:9: 1604 daAuts
     D:3: 1136 daAuts
     D:4: 1042 daAuts
     D:2: 995 daAuts
     D:1: 883 daAuts
    D:11: 841 daAuts
  Temple: 348 daAuts
  Bailey: 29 daAuts
